 Dungeon Crawl Stone Soup version 0.14.0-26-g1682e81 (webtiles) character file.

500 Heini the Covered (level 6, 0/56 HPs)
             Began as a Hill Orc Fighter on Apr 26, 2014.
             Slain by an ice beast (3 damage)
             ... on Level 4 of the Dungeon.
             The game lasted 00:08:11 (2534 turns).

Heini the Covered (Hill Orc Fighter)                Turns: 2534, Time: 00:08:11

HP   0/56        AC  8     Str 21      XL: 6   Next: 38%
MP   6/6         EV  6     Int  8      God:
Gold 197         SH 18     Dex 10      Spells:  0 memorised,  5 levels left

rFire  . . .     SeeInvis .     a - +0 war axe
rCold  . . .     Clarity  .     b - +0 scale mail
rNeg   . . .     Conserve .     c - +0 shield
rPois  .         rCorr    .     (no helmet)
rElec  .         rRot     .     (no cloak)
SustAb . .       Spirit   .     (no gloves)
rMut   .         Warding  .     n - +0 pair of boots
Saprov + . .     Stasis   .     (no amulet)
MR     .....                    (no ring)
                                (no ring)

@: not resistant to hostile enchantments, extremely unstealthy
A: saprovore 1
a: no special abilities


You were on level 4 of the Dungeon.
You were hungry.

You visited 1 branch of the dungeon, and saw 4 of its levels.

You collected 197 gold pieces.

Inventory:

Hand weapons
 a - a +0,+0 war axe (weapon)
 f - a +0,+0 broad axe
Missiles
 t - 5 stones (quivered)
Armour
 b - a +0 scale mail (worn)
 c - a +0 shield (worn)
 n - a +0 pair of boots (worn)
Comestibles
 d - 3 meat rations
 k - 2 chunks of jackal flesh
 m - 3 bread rations
 r - an apple
Scrolls
 g - a scroll of noise
 h - a scroll of magic mapping
 i - 3 scrolls of identify
 l - 2 scrolls of fog
 p - a scroll of enchant weapon II {unknown}
 q - 3 scrolls of teleportation
 s - a scroll of random uselessness {unknown}
 w - a scroll of remove curse
Potions
 e - 2 potions of might
 j - 3 potions of curing
 o - a potion of restore abilities
 u - a potion of haste
 v - a potion of resistance


   Skills:
 * Level 5.1 Fighting
 * Level 5.3 Axes
 * Level 5.5 Armour
 - Level 0.1 Dodging
 - Level 3.4 Shields


You had 5 spell levels left.
You didn't know any spells.

Dungeon Overview and Level Annotations

Branches:
Dungeon (4/15)
 Temple: D:4-7

Altars:
Elyvilon


Innate Abilities, Weirdness & Mutations

You can tolerate rotten meat.


Message History

The ice beast is almost dead.
The ice beast hits you.
* * * LOW HITPOINT WARNING * * *
The ice beast freezes you!
One of your 4 potions of curing freezes and shatters!
* * * LOW HITPOINT WARNING * * *
You hit the ice beast but do no damage.
The ice beast is almost dead.
The ice beast hits you but does no damage.
You block the ice beast's attack.
You closely miss the ice beast.
The ice beast is almost dead.
The ice beast hits you but does no damage.
You hit the ice beast but do no damage.
The ice beast is almost dead.
The ice beast hits you but does no damage.
You closely miss the ice beast.
The ice beast is almost dead.
The ice beast hits you.
You die...

#.# #....... #.#
#....... ..#
#....... #.#
#....... #.#
####.......
#.####..'....... #
#.#....##.......
#.###.'.#######+####
#.I@..### #######


You could see an ice beast.

Vanquished Creatures
  A water moccasin (D:4)
  Ijyb (D:3)
  Terence (D:2)
  4 gnolls (D:4)
  5 adders
  A giant mite (D:4)
  A worm (D:3)
  A giant eyeball (D:4)
  An ooze (D:1)
  7 bats
  4 hobgoblins
  6 jackals
  12 kobolds
  4 quokkas
  4 ball pythons
  3 giant cockroaches
  2 giant newts
  8 goblins
  10 rats
  A rat skeleton (D:4)
77 creatures vanquished.

Vanquished Creatures (others)
  A kobold (D:3)
1 creature vanquished.

Grand Total: 78 creatures vanquished

Notes
Turn   | Place    | Note
--------------------------------------------------------------
     0 | D:1      | Heini, the Hill Orc Fighter, began the quest for the Orb.
     0 | D:1      | Reached XP level 1. HP: 19/19 MP: 1/1
   190 | D:1      | Reached XP level 2. HP: 18/27 MP: 2/2
   645 | D:2      | Reached skill level 4 in Armour
   645 | D:2      | Reached XP level 3. HP: 28/33 MP: 3/3
   659 | D:2      | Noticed Terence
   670 | D:2      | Killed Terence
   925 | D:2      | Reached XP level 4. HP: 26/40 MP: 4/4
  1456 | D:3      | Noticed Ijyb
  1482 | D:3      | Killed Ijyb
  1572 | D:3      | Found a white marble altar of Elyvilon.
  1888 | D:4      | Reached XP level 5. HP: 42/47 MP: 5/5
  1988 | D:4      | Noticed a water moccasin
  1995 | D:4      | Paralysed by a giant eyeball for 2 turns
  2000 | D:4      | Paralysed by a giant eyeball for 2 turns
  2004 | D:4      | Killed a water moccasin
  2004 | D:4      | Reached skill level 5 in Fighting
  2004 | D:4      | Reached skill level 5 in Armour
  2004 | D:4      | Reached XP level 6. HP: 22/56 MP: 6/6
  2265 | D:4      | Reached skill level 5 in Axes
  2530 | D:4      | HP: 2/56 [ice beast (12)]
  2534 | D:4      | Slain by an ice beast

Action                   |  1- 3 |  4- 6 || total
-------------------------+-------+-------++-------
Melee: War axe           |   129 |   167 ||   296
  Use: Scroll            |       |     8 ||     8
       Potion            |       |     1 ||     1
